 Dungeon Crawl Stone Soup version 0.25.1-2-g60ff931df9 (webtiles) character file.

Game seed: 6876506279766631127

137 MajorAdolf the Sneak (level 5, 0/45 HPs)
             Began as a Naga Wanderer on Oct 9, 2020.
             Slain by a hound (1 damage)
             ... on level 4 of the Dungeon.
             The game lasted 00:07:07 (3955 turns).

MajorAdolf the Sneak (Naga Wanderer)                Turns: 3955, Time: 00:07:07

Health: 0/45       AC:  3    Str: 15    XL:     5   Next: 20%
Magic:  5/5        EV:  9    Int: 10    God:
Gold:   228        SH:  0    Dex: 13    Spells: 3/4 levels left

rFire    . . .     SeeInvis +   p - +2 dagger (drain)
rCold    . . .     Gourm    .   (no shield)
rNeg     . . .     Faith    .   f - +0 robe
rPois    +         Spirit   .   (no helmet)
rElec    .         Reflect  .   (no cloak)
rCorr    .         Harm     .   e - +0 pair of gloves
MR       .....                  (no barding)
Stlth    ++++......             (no amulet)
HPRegen  0.15/turn              (no ring)
MPRegen  0.09/turn              (no ring)

@: short of breath, very slow
A: large, see invisible, deformed body, poison resistance, slowness 2, slow
metabolism 1, spit poison 1, AC +1
a: Spit Poison


You were on level 4 of the Dungeon.
You were hungry.

You visited 1 branch of the dungeon, and saw 4 of its levels.

You collected 228 gold pieces.

Inventory:

Hand Weapons
 l - a -3 hand axe
 p - a +2 dagger of draining (weapon)
Missiles
 g - 148 stones (quivered)
Armour
 e - a +0 pair of gloves (worn)
 f - a +0 robe (worn)
 m - a +0 plate armour
Jewellery
 b - a +4 ring of evasion {unknown}
Scrolls
 i - 2 scrolls of blinking
 k - 4 scrolls of identify {unknown}
 q - 2 scrolls of amnesia {unknown}
 r - a scroll of teleportation {unknown}
 t - a scroll of remove curse
Potions
 a - a potion of curing {unknown}
 c - 4 potions of stabbing {unknown}
 h - a potion of flight {unknown}
 j - 2 potions of lignification {unknown}
 n - a potion of cancellation {unknown}
 o - a potion of degeneration {unknown}
 s - 2 potions of magic {unknown}
Comestibles
 d - 4 rations
 u - 4 chunks of flesh


   Skills:
 - Level 2.0 Fighting
 - Level 1.0 Throwing
 - Level 1.0 Armour
 + Level 7.7 Stealth
   Level 2.0 Charms
   Level 3.0 Transmutations


You had 3 spell levels left.
You knew the following spells:

 Your Spells              Type           Power        Failure   Level  Hunger
a - Sandblast             Erth           #.....       36%         1    ##.....

Your spell library contained the following spells:

 Spells                   Type           Power        Failure   Level  Hunger
 Passwall                 Tmut/Erth      #.......     30%         2    ###....
 Stone Arrow              Conj/Erth      #.....       75%         3    ####...
 Petrify                  Tmut/Erth      #.......     90%         4    #####..
 Lee's Rapid Deconstruct  Erth           #.........   100%        5    ######.


Dungeon Overview and Level Annotations

Branches:
Dungeon (4/15)
 Temple: D:4-7

Altars:


Innate Abilities, Weirdness & Mutations

You cannot wear boots.
Your serpentine skin is tough. (AC +1)
You have supernaturally acute eyesight. (SInv)
Armour fits poorly on your strangely shaped body.
Your system is resistant to poisons. (rPois)
You cover ground very slowly.
You have a slow metabolism.
You can spit poison.


Message History

The slug dart misses you.
Okay, then.
You miss the hound.
The hound is almost dead.
The hound bites you.
* * * LOW HITPOINT WARNING * * *
The dart slug bites you but does no damage.
You hit the hound.
The hound is almost dead.
The hound bites you.
* * * LOW HITPOINT WARNING * * *
The hound bites you.
* * * LOW HITPOINT WARNING * * *
Unknown command.
Unknown command.
Unknown command.
Okay, then.
None of your equipped items are cursed. The hound bites you.
You die...

##### #....
#...♣ #...♣
#..a♣ #...♣
#.wh♣♣
#..@.♣♣♣♣..
#..........
#....#####.
#....#
#....#
#....#####.
#.........#
#.........#
#.........+


You could see a hound, a worker ant and a dart slug.

Vanquished Creatures
  An orc priest (D:4)
  4 adders
  2 worms
  2 dart slugs
  A leopard gecko (D:3)
  4 orcs
  4 giant cockroaches
  4 goblins
  6 hobgoblins
  2 jackals (D:1)
  A ball python (D:3)
  10 bats
  3 frilled lizards (D:1)
  7 kobolds
  9 rats
60 creatures vanquished.

Notes
Turn   | Place    | Note
-------+----------+-------------------------------------------
     0 | D:1      | MajorAdolf the Naga Wanderer began the quest for the Orb.
     0 | D:1      | MajorAdolf set off with the following items: a +0 club, a
                  | +0 ring mail, a ration; and the following spell memorised:
                  | Sandblast; and the following spells available to memorise:
                  | Passwall, Stone Arrow, Petrify, Lee's Rapid Deconstruction
     0 | D:1      | Reached XP level 1. HP: 19/19 MP: 1/1
    78 | D:1      | Reached skill level 2 in Stealth
   409 | D:1      | Reached skill level 3 in Stealth
   419 | D:1      | Reached XP level 2. HP: 25/26 MP: 2/2
   857 | D:1      | Reached skill level 4 in Stealth
  1142 | D:2      | Reached XP level 3. HP: 28/32 MP: 3/3
  1421 | D:2      | Reached skill level 5 in Stealth
  1965 | D:2      | Reached skill level 6 in Stealth
  1965 | D:2      | Reached XP level 4. HP: 31/39 MP: 4/4
  3171 | D:3      | Reached skill level 7 in Stealth
  3912 | D:4      | Reached XP level 5. HP: 43/45 MP: 5/5
  3954 | D:4      | HP: 1/45 [hound (3)]
  3955 | D:4      | Slain by a hound

Illustrated notes

Levels and vault maps discovered:
D:1:      ncdulo_lavacross, layout_loops_ring
D:2:      layout_basic
D:3:      layout_loops_cross, first_ration
D:4:      layout_gridville, serial_shops,
          nicolae_shop_temple_entry_statues_fountains, nrook_campfire

Skill      XL: |  1  2  3  4 |
---------------+-------------+-----
Stealth        | 3 4 6 7 |  7.7
Fighting       | |  2.0
Throwing       | |  1.0
Armour         | |  1.0
Charms         | |  2.0
Transmutations | |  3.0

Action                   |  1- 3 |  4- 6 || total
-------------------------+-------+-------++-------
Melee: Unarmed           |    67 |     7 ||    74
       Dagger            |       |    60 ||    60
 Abil: Spit Poison       |    47 |    12 ||    59
  Use: Scroll            |     3 |       ||     3
 Stab: Sleeping          |     1 |     3 ||     4
  Eat: Chunk             |     5 |     5 ||    10
Armor: Skin              |     3 |       ||     3
       Robe              |    28 |    24 ||    52
Dodge: Dodged            |    44 |    56 ||   100
